 Dungeon Crawl Stone Soup version 0.29.0-4-gdea44cf6ec (webtiles) character file.

Game seed: 3227715631334196328

150 qw the Ruffian (level 5, -3/41 HPs)
             Began as a Ghoul Fire Elementalist on Aug 29, 2022.
             Slain by a worm (11 damage)
             ... on level 3 of the Dungeon.
             The game lasted 00:03:02 (3427 turns).

qw the Ruffian (Ghoul Fire Elementalist)            Turns: 3427, Time: 00:03:03

Health: -3/41      AC:  5    Str: 14    XL:     5   Next: 32%
Magic:  6/6        EV: 10    Int: 10    God:
Gold:   81         SH:  0    Dex:  9    Spells: 6/7 levels left

rFire   . . .      SeeInvis .     - Unarmed
rCold   + . .      Faith    .   (no shield)
rNeg    + + +      Spirit   .   h - +0 ring mail
rPois   inf        Reflect  .   (no helmet)
rElec   .          Harm     .   (no cloak)
rCorr   .          Rampage  .   (no gloves)
Will    .....                   (no boots)
Stlth   +.........              (no amulet)
HPRegen 0.00/turn               (no ring)
MPRegen 0.10/turn               (no ring)

@: about to teleport, inhibited regen
A: claws 1, cold resistance 1, negative energy resistance 3, inhibited
regeneration, torment resistance 2, devour on kill
a: no special abilities


You were on level 3 of the Dungeon.
You visited 1 branch of the dungeon, and saw 4 of its levels.

You collected 81 gold pieces.


Innate Abilities, Weirdness & Mutations

You are immune to poison.
You have sharp fingernails.
Your flesh is cold resistant. (rC+)
You are immune to negative energy. (rN+++)
You do not regenerate when monsters are visible.
You are immune to unholy pain and torment.
You thrive by killing the living.


   Skills:
 - Level 2.2 Fighting
 - Level 1.7 Dodging
 - Level 2.1 Stealth
 + Level 4.6 Unarmed Combat
 - Level 1.7 Spellcasting
 - Level 0.7 Conjurations
 - Level 2.4 Fire Magic


You had 6 spell levels left.
You knew the following spells:

 Your Spells              Type           Power      Damage    Failure   Level
a - Foxfire               Conj/Fire      16%        2x1d4     34%         1

Your spell library contained the following spells:

 Spells                   Type           Power      Damage    Failure   Level
 Scorch                   Fire           10%        2d5       36%         2
 Conjure Flame            Conj/Fire      4%         6-21      71%         3
 Inner Flame              Hex/Fire       3%         N/A       77%         3
 Flame Wave               Conj/Fire      4%         2d5       98%         4

Inventory:

Armour
 e - the +1 robe of Immorality {Rampage rCorr Dex+2}
   (You found it on level 3 of the Dungeon)

   Dex:       It affects your dexterity (+2).
   rCorr:     It protects you from acid and corrosion.
   Rampage:   It bestows one free step when moving towards enemies.
 h - a +0 ring mail (worn)
Scrolls
 a - 2 scrolls of teleportation
 b - 2 scrolls of identify
 c - a scroll of fear {unknown}
 i - 2 scrolls of torment {unknown}
Potions
 d - 2 potions of curing
 f - a potion of cancellation {unknown}
 g - a potion of lignification {unknown}

Dungeon Overview and Level Annotations

Branches:
Dungeon (4/15)
 Temple: D:4-7

Altars:
Trog


Message History

You barely miss the rat. You claw the rat.
You kill the rat!
The rat bites you but does no damage.
You closely miss the rat. The rat barely misses you.
You scratch the rat but do no damage. The rat closely misses you.
You scratch the rat but do no damage.
The rat bites you but does no damage. x2
You claw the rat!
You kill the rat!
You barely miss the worm. The worm closely misses you.
You barely miss the worm. You claw the worm!
The worm is moderately wounded.
You barely miss the worm.
The worm is moderately wounded.
The worm bites you.
You scratch the worm.
The worm is moderately wounded.
The worm closely misses you.
You barely miss the worm.
The worm is moderately wounded.
The worm bites you!
You scratch the worm.
The worm is moderately wounded.
The worm bites you.
You claw the worm! Your claw misses the worm.
The worm is severely wounded.
The worm barely misses you.
You scratch the worm but do no damage.
The worm is heavily wounded.
You barely miss the worm.
The worm is heavily wounded.
The worm bites you.
3427 ||| READING 3 scrolls of teleportation.
As you read the scroll of teleportation, it crumbles to dust.
You feel strangely unstable. The worm bites you!
You die...

. #.##....r....## ..
#.#....###....######
...#####.#...##y##...#....#
.......#.#....###....#....#
.......#.#...........#....######
#.......##.........##..........
#.....#..##.......# #....#####.
#(....#...####w#### #####......
#.....#.....##@######## #.###..
###.....#......#......... #.#
#.. .##.....#................
#.# #..
.##.....####.####........ #.#
#.> .##.<... #.# #........ #.#
#.. .# #####.####........ #.#
#>. .### #..>.....######### #.#
#.. .#.# #..........# #.###..
)#.# #..........# #.#....


You could see a moth of wrath and a worm (berserk).

Vanquished Creatures
  An orc priest (D:3)
  4 adders
  A worm (D:2)
  5 dart slugs
  3 orcs (D:3)
  6 ball pythons
  3 endoplasms
  4 giant cockroaches
  6 goblins
  8 hobgoblins
  3 quokkas
  3 bats (D:1)
  9 frilled lizards
  8 kobolds
  4 rats
68 creatures vanquished.

Vanquished Creatures (others)
  A goblin (D:3)
  2 plants (D:1)
3 creatures vanquished.

Grand Total: 71 creatures vanquished

Notes
Turn   | Place    | Note
-------+----------+-------------------------------------------
     0 | D:1      | qw the Ghoul Fire Elementalist began the quest for the Orb.
     0 | D:1      | Reached XP level 1. HP: 14/14 MP: 2/2
     0 | D:1      | 0 ||| qw: Version: 0.1-a-90-g952f4b7
     0 | D:1      | 0 ||| qw: Game counter: 4153
     0 | D:1      | 0 ||| qw: Always use a shield: true
     0 | D:1      | 0 ||| qw: God list: Okawaru
     0 | D:1      | 0 ||| qw: Allow faded altars: false
     0 | D:1      | 0 ||| qw: Do Orc after D:15 true
     0 | D:1      | 0 ||| qw: Do second Lair branch before Depths: true
     0 | D:1      | 0 ||| qw: Lair rune preference: random
     0 | D:1      | 0 ||| qw: Plans: Normal
     0 | D:1      | 0 ||| PLANNING D:1-11
    30 | D:1      | Found a faded altar of an unknown god.
   362 | D:1      | Reached skill level 1 in Unarmed Combat
   548 | D:1      | 548 ||| Stepping ~*~*~tactically~*~*~ (stealth).
   550 | D:1      | 550 ||| Stepping ~*~*~tactically~*~*~ (stealth).
   565 | D:1      | 565 ||| Stepping ~*~*~tactically~*~*~ (stealth).
   570 | D:1      | Reached skill level 1 in Fighting
   570 | D:1      | Reached XP level 2. HP: 20/23 MP: 3/3
   570 | D:1      | 570 ||| Stepping ~*~*~tactically~*~*~ (hiding).
   572 | D:1      | 572 ||| Stepping ~*~*~tactically~*~*~ (hiding).
   743 | D:1      | Reached skill level 2 in Unarmed Combat
   857 | D:1      | 857 ||| Stepping ~*~*~tactically~*~*~ (water).
   859 | D:1      | Reached XP level 3. HP: 28/28 MP: 4/4
  1055 | D:1      | 1055 ||| Stepping ~*~*~tactically~*~*~ (outnumbered).
  1056 | D:1      | 1056 ||| Stepping ~*~*~tactically~*~*~ (outnumbered).
  1148 | D:1      | Reached skill level 3 in Unarmed Combat
  1304 | D:1      | 1304 ||| READING scroll labelled HOTHRIA VAAKATH.
  1305 | D:1      | 1305 ||| READING scroll labelled EKHU SEBLEPSUORA.
  1306 | D:1      | 1306 ||| READING scroll labelled WONUEG TEORCH.
  1307 | D:1      | 1307 ||| READING scroll labelled BERARPHY SURIHU.
  1308 | D:1      | 1308 ||| DROPPING potion of magic.
  1342 | D:2      | 1342 ||| STAIRDANCE
  1349 | D:2      | 1349 ||| STAIRDANCE
  1372 | D:2      | 1372 ||| STAIRDANCE
  1543 | D:2      | 1543 ||| Stepping ~*~*~tactically~*~*~ (stealth).
  1544 | D:2      | 1544 ||| Stepping ~*~*~tactically~*~*~ (stealth).
  1545 | D:2      | 1545 ||| Stepping ~*~*~tactically~*~*~ (stealth).
  1558 | D:2      | 1558 ||| Stepping ~*~*~tactically~*~*~ (stealth).
  1596 | D:2      | 1596 ||| Stepping ~*~*~tactically~*~*~ (hiding).
  1698 | D:2      | 1698 ||| Stepping ~*~*~tactically~*~*~ (hiding).
  2033 | D:2      | Reached XP level 4. HP: 31/35 MP: 5/5
  2115 | D:2      | You fall into a shaft and drop 2 floors!
  2242 | D:4      | 2242 ||| UPGRADING to +0 leather armour.
  2252 | D:4      | 2252 ||| DROPPING +0 robe.
  2253 | D:4      | 2253 ||| Stepping ~*~*~tactically~*~*~ (stealth).
  2254 | D:4      | 2254 ||| READING 4 scrolls labelled ITYSMOHUXZE.
  2257 | D:4      | 2257 ||| DRINKING 2 bubbling silvery potions.
  2258 | D:4      | 2258 ||| DROPPING potion of flight.
  2276 | D:4      | 2276 ||| Stepping ~*~*~tactically~*~*~ (stealth).
  2327 | D:3      | 2327 ||| Stepping ~*~*~tactically~*~*~ (stealth).
  2328 | D:3      | 2328 ||| Stepping ~*~*~tactically~*~*~ (stealth).
  2333 | D:3      | 2333 ||| Stepping ~*~*~tactically~*~*~ (stealth).
  2370 | D:3      | 2370 ||| Stepping ~*~*~tactically~*~*~ (stealth).
  2374 | D:3      | 2374 ||| Stepping ~*~*~tactically~*~*~ (stealth).
  2378 | D:3      | 2378 ||| Stepping ~*~*~tactically~*~*~ (stealth).
  2379 | D:3      | 2379 ||| Stepping ~*~*~tactically~*~*~ (stealth).
  2384 | D:3      | Reached skill level 4 in Unarmed Combat
  2473 | D:3      | 2473 ||| Stepping ~*~*~tactically~*~*~ (stealth).
  2475 | D:3      | 2475 ||| Stepping ~*~*~tactically~*~*~ (stealth).
  2479 | D:3      | 2479 ||| Stepping ~*~*~tactically~*~*~ (stealth).
  2665 | D:3      | 2665 ||| UPGRADING to +0 ring mail.
  2675 | D:3      | 2675 ||| DROPPING +0 leather armour.
  2676 | D:3      | 2676 ||| READING scroll labelled MOCVULEJOB.
  2791 | D:2      | 2791 ||| Stepping ~*~*~tactically~*~*~ (stealth).
  2803 | D:2      | Reached XP level 5. HP: 36/41 MP: 6/6
  2803 | D:2      | 2803 ||| FLEEEEING.
  2804 | D:2      | 2804 ||| FLEEEEING.
  2805 | D:2      | 2805 ||| FLEEEEING.
  2806 | D:2      | 2806 ||| FLEEEEING.
  2807 | D:2      | 2807 ||| FLEEEEING.
  2810 | D:2      | 2810 ||| FLEEEEING.
  2811 | D:2      | 2811 ||| FLEEEEING.
  2812 | D:2      | 2812 ||| FLEEEEING.
  2813 | D:2      | 2813 ||| FLEEEEING.
  2814 | D:2      | 2814 ||| FLEEEEING.
  2815 | D:2      | 2815 ||| FLEEEEING.
  2816 | D:2      | 2816 ||| FLEEEEING.
  2817 | D:2      | 2817 ||| FLEEEEING.
  2818 | D:2      | 2818 ||| STAIRDANCE
  2987 | D:2      | 2987 ||| READING 2 scrolls of identify.
  2987 | D:2      | 2987 ||| IDENTIFYING amethyst potion
  2988 | D:2      | 2988 ||| DROPPING potion of berserk rage.
  3011 | D:3      | 3011 ||| Stepping ~*~*~tactically~*~*~ (stealth).
  3105 | D:3      | Identified the +1 robe of Immorality {Rampage rCorr Dex+2}
  3394 | D:3      | Noticed a moth of wrath
  3399 | D:3      | Found a bloodstained altar of Trog.
  3405 | D:3      | 3405 ||| Stepping ~*~*~tactically~*~*~ (outnumbered).
  3406 | D:3      | 3406 ||| Stepping ~*~*~tactically~*~*~ (outnumbered).
  3426 | D:3      | HP: 8/41 [worm (5)]
  3427 | D:3      | 3427 ||| READING 3 scrolls of teleportation.
  3427 | D:3      | Slain by a worm

Levels and vault maps discovered:
D:1:      dpeg_arrival_line_fractal, layout_rooms,
          shapermc_ecumenical_altar_notcrosses, kennysheep_flooded_box,
          serial_bayou_ford_a, minmay_fountain_box
D:2:      layout_rooms, chequers_serial_rivers_marsh, kennysheep_generic_room_3
D:3:      layout_basic, tgw_trog, kennysheep_generic_room_2
D:4:      layout_rooms, minitemple, chequers_temple_overflow_statue_of_worship

Skill      XL: |  1  2  3  4 |
---------------+-------------+-----
Unarmed Combat | 1 2 3 4 |  4.6
Fighting       | 1 2 |  2.2
Dodging        | |  1.7
Stealth        | |  2.1
Spellcasting   | |  1.7
Conjurations   | |  0.7
Fire Magic     | |  2.4

Action                   |  1- 3 |  4- 6 || total
-------------------------+-------+-------++-------
Melee: Unarmed           |   159 |   122 ||   281
       Punch             |     3 |     4 ||     7
  Use: Scroll            |     4 |     4 ||     8
       Potion            |       |     1 ||     1
Armor: Robe              |    20 |       ||    20
       Leather armour    |       |     8 ||     8
       Ring mail         |       |    16 ||    16
Dodge: Dodged            |    72 |    50 ||   122

Table legend:
 A = Non-vault XP
 B = Vault XP
 C = Vault XP percentage of total XP
 D = Non-vault monster count
 E = Vault monster count
 F = Vault count percentage of total count
                 A         B        C        D         E       F
            +---------+---------+-------+---------+---------+-------
      Total |     209 |       6 |   2.8 |      65 |       4 |   5.8
            +---------+---------+-------+---------+---------+-------
        D:1 |      62 |       0 |   0.0 |      33 |       0 |   0.0
        D:2 |      47 |       2 |   4.1 |      12 |       1 |   7.7
        D:3 |      89 |       4 |   4.3 |      15 |       3 |  16.7
        D:4 |      11 |       0 |   0.0 |       5 |       0 |   0.0
            +---------+---------+-------+---------+---------+-------
